 Dungeon Crawl Stone Soup version 0.29-a0-303-ge4682ce883 (webtiles) character file.

Game seed: 3167919594298697909

3258 Essalna the Fighter (level 10, -55/78 HPs)
             Began as a Djinni Conjurer on Mar 25, 2022.
             Was a Follower of Makhleb.
             Annihilated by a boulder beetle (62 damage)
             ... on level 7 of the Dungeon.
             The game lasted 00:15:33 (7915 turns).

Essalna the Fighter (Djinni Conjurer)               Turns: 7915, Time: 00:15:34

Health: -55/78     AC:  5    Str:  3    XL:     10   Next: 19%
Gold:   347        EV: 20    Int: 29    God:    Makhleb [*.....] SH:  0 Dex: 17

rFire   + + +      SeeInvis .   H - +7 short sword "Jyxerifi" {vorpal, +Blink Str-3 Int+6 Dex+4}
rCold   . . .      Faith    .   (no shield)
rNeg    . . .      Spirit   .   O - +1 robe {rC+ rF+}
rPois   ∞          Reflect  .   c - +2 hat
rElec   .          Harm     .   (no cloak)
rCorr   .          Rampage  .   (no gloves)
Will    +....                   (boots unavailable)
Stlth   ++........              (no amulet)
HPRegen 0.23/turn               q - +4 ring of evasion
MPRegen 0.00/turn               i - +4 ring of evasion

@: flying
A: sickness immunity, fire resistance 2, cold vulnerability 1, float, innate
caster, HP casting, extra vitality 1
a: Renounce Religion, Evoke Blink


You were on level 7 of the Dungeon.
You worshipped Makhleb.
Makhleb was aware of your devotion.
You visited 2 branches of the dungeon, and saw 9 of its levels.

You collected 347 gold pieces.

Inventory:

Hand Weapons
 j - a +0 vorpal dagger
 C - a +0 dagger of venom
 H - the +7 short sword "Jyxerifi" (weapon) {vorpal, +Blink Str-3 Int+6 Dex+4}
   (You found it on level 5 of the Dungeon)

   It inflicts extra damage upon your enemies.
   Str:       It affects your strength (-3).
   Int:       It affects your intelligence (+6).
   Dex:       It affects your dexterity (+4).
   +Blink:    It lets you blink.
 N - a +1 whip of electrocution
Missiles
 K - 3 throwing nets
Armour
 a - a +0 robe
 c - a +2 hat (worn)
 O - a +1 robe of resistance (worn)
Jewellery
 d - a ring of protection from cold
 i - a +4 ring of evasion (right hand)
 q - a +4 ring of evasion (left hand)
 v - a ring of see invisible
 L - a ring of ice
Wands
 w - a wand of acid (3)
 y - a wand of flame (24)
 G - a wand of charming (5)
 I - a wand of digging (6)
 J - a wand of paralysis (5)
 M - a wand of iceblast (7)
Scrolls
 b - 3 scrolls of identify
 k - 2 scrolls of blinking
 o - a scroll of noise
 p - 3 scrolls of brand weapon
 t - a scroll of vulnerability
 B - 2 scrolls of fog {unknown}
 D - a scroll of torment {unknown}
 E - 3 scrolls of teleportation {unknown}
 F - 2 scrolls of magic mapping {unknown}
Potions
 e - 4 potions of heal wounds
 f - a potion of flight {unknown}
 h - 2 potions of mutation {unknown}
 l - 4 potions of might {unknown}
 m - 3 potions of berserk rage {unknown}
 n - 8 potions of curing {unknown}
 r - 2 potions of attraction {unknown}
 s - a potion of cancellation {unknown}
 u - a potion of ambrosia {unknown}
 x - a potion of haste {unknown}
 z - a potion of brilliance {unknown}
 A - 2 potions of degeneration {unknown}


   Skills:
 + Level 9.6 Fighting
 - Level 2.1 Dodging
 - Level 2.0 Stealth
 + Level 8.2 Spellcasting


You had one spell level left.
You knew the following spells:

 Your Spells              Type           Power      Damage    Failure   Level
a - Magic Dart            Conj           100%       1d8       1%          1
b - Searing Ray           Conj           100%       2d8       1%          2
c - Dazzling Flash        Conj/Hex       100%       N/A       1%          3
d - Fulminant Prism       Conj/Hex       28%        3d14      1%          4
e - Iskenderun's Mystic   Conj/Tloc      56%        2d12      1%          4
f - Sandblast             Erth           100%       2d20      1%          1
g - Scorch                Fire           100%       2d10      1%          2
h - Teleport Other        Tloc           56%        N/A       1%          3
i - Cause Fear            Hex            28%        N/A       1%          4
Your spell library was empty.

Dungeon Overview and Level Annotations

Branches:
Dungeon (8/15)             Temple (1/1) D:4
   Lair: D:8-11

Altars:
Dithmenos
Hepliaklqana
Makhleb
Qazlal
Yredelemnul
Zin
The Shining One

Shops:
D:1 **

Annotations:
D:4 2 runed translucent doors, Shavain's ghost, amateur TeHu


Innate Abilities, Weirdness & Mutations

You are immune to sickness and miasma.
You are immune to poison.
Your flesh is very heat resistant. (rF++)
You are vulnerable to cold. (rC-)
You float through the air rather than walking.
You learn spells naturally, not from books.
Your magical power is your life essence.
You have superior vitality. (+4 MHP)


Message History

The boulder beetle closely misses you.
Flames lash the boulder beetle but do no damage.
The boulder beetle closely misses you.
Flames lash the boulder beetle.
The boulder beetle is burned terribly!
The boulder beetle is heavily wounded.
The boulder beetle bites you.
Flames lash the boulder beetle but do no damage.
The boulder beetle closely misses you.
Flames lash the boulder beetle but do no damage.
The boulder beetle bites you!!
You are too injured to fight recklessly!
You are too injured to fight recklessly!
You are too injured to fight recklessly!
Casting: Scorch (safe; 1% risk of failure)
Confirm with . or Enter, or press ? or * to list all spells.
Okay, then.
Casting: Scorch (safe; 1% risk of failure)
Confirm with . or Enter, or press ? or * to list all spells.
Flames lash the boulder beetle.
The boulder beetle is burned terribly!
The boulder beetle is heavily wounded.
The boulder beetle bites you!!
* * * LOW HITPOINT WARNING * * *
Casting: Scorch (safe; 1% risk of failure)
Confirm with . or Enter, or press ? or * to list all spells.
Flames lash the boulder beetle but do no damage.
* * * LOW HITPOINT WARNING * * *
The boulder beetle misses you.
Casting: Scorch (safe; 1% risk of failure)
Confirm with . or Enter, or press ? or * to list all spells.
Flames lash the boulder beetle.
The boulder beetle is burned terribly!
The boulder beetle is severely wounded.
* * * LOW HITPOINT WARNING * * *
The boulder beetle leaps!
A boulder beetle is nearby!
The boulder beetle waves its antennae.
The boulder beetle curls into a ball and begins rolling!
The boulder beetle attacks as you move away!
The boulder beetle hits you!!!
Ouch! That really hurt!
You die...

### ##.## ##########
##>#.########.........
##.#†.@B°°.......°°.###
#.....†.######..#.#....
#######.#...#.#
###..#.#####
#.......#...#.####..[.#.#
#.
#.#####.#...#......#..#..
...
#.#####.####...#######.
#.#####.# ##..# ##
#.......# #..# ###..####
#..#


You could see a boulder beetle (rolling, combustible).

Vanquished Creatures
  Pikel (D:7)
  An ugly thing (D:7)
  Sigmund (D:3)
  2 steam dragons (D:7)
  Edmund (D:6)
  A black bear (D:6)
  A sky beast (D:6)
  2 ice beasts
  3 ogres
  3 lemures (D:7)
  A kobold brigand (D:7)
  3 necrophages
  4 bullfrogs
  3 scorpions
  A howler monkey (D:6)
  3 jellies
  4 hounds
  An orc priest (D:7)
  5 iguanas
  2 orc wizards
  4 gnolls (D:6)
  4 adders
  2 shadow imps (D:7)
  2 white imps
  An ufetubus (D:5)
  4 worms
  3 dart slugs
  12 orcs
  9 bats
  4 endoplasms
  A giant cockroach (D:1)
  6 goblins
  7 hobgoblins
  3 jackals
  A quokka (D:4)
  4 ball pythons
  3 frilled lizards
  9 kobolds
  5 rats
127 creatures vanquished.

Vanquished Creatures (others)
  11 plants
11 creatures vanquished.

Grand Total: 138 creatures vanquished

Notes
Turn   | Place    | Note
-------+----------+-------------------------------------------
     0 | D:1      | Essalna the Djinni Conjurer began the quest for the Orb.
     0 | D:1      | Reached XP level 1. HP: 15/15 MP: 0/0
    86 | D:1      | Found Nool's General Store.
   285 | D:1      | Reached XP level 2. HP: 18/22 MP: 0/0
   498 | D:1      | Found Lackizuf's General Store.
   520 | D:1      | Reached skill level 1 in Fighting
  1016 | D:2      | Reached XP level 3. HP: 23/27 MP: 0/0
  1016 | D:2      | Learned a level 1 spell: Sandblast
  1846 | D:2      | Found a glowing silver altar of Zin.
  1878 | D:2      | Reached XP level 4. HP: 31/33 MP: 0/0
  2047 | D:2      | Reached skill level 2 in Fighting
  2676 | D:3      | Found a faded altar of an unknown god.
  3197 | D:3      | Noticed Sigmund
  3204 | D:3      | Killed Sigmund
  3205 | D:3      | Reached skill level 3 in Fighting
  3205 | D:3      | Reached XP level 5. HP: 31/41 MP: 0/0
  3205 | D:3      | Learned a level 2 spell: Scorch
  3205 | D:3      | Reached XP level 6. HP: 35/47 MP: 0/0
  3486 | D:4      | Reached skill level 4 in Fighting
  3825 | D:4      | Found a large runed translucent door.
  3825 | D:4      | Found a large runed translucent door.
  3829 | D:4      | Noticed Shavain's ghost (amateur TeHu)
  3874 | D:4      | Found a staircase to the Ecumenical Temple.
  4170 | Temple   | Entered the Ecumenical Temple
  4209 | Temple   | Became a worshipper of Makhleb the Destroyer
  4397 | D:5      | Entered Level 5 of the Dungeon
  4411 | D:5      | Reached XP level 7. HP: 43/53 MP: 0/0
  4411 | D:5      | Learned a level 3 spell: Teleport Other
  4429 | D:5      | Reached skill level 5 in Spellcasting
  4609 | D:5      | Reached skill level 5 in Fighting
  5030 | D:5      | Reached XP level 8. HP: 54/60 MP: 0/0
  5066 | D:5      | Found a stormy altar of Qazlal.
  5214 | D:5      | Found a faded altar of an unknown god.
  5215 | D:5      | Found a hazy altar of Hepliaklqana.
  5283 | D:5      | Identified the +7 short sword "Jyxerifi" {vorpal, +Blink
                  | Str-3 Int+6 Dex+4}
  5371 | D:6      | Noticed Edmund
  5386 | D:6      | Reached skill level 6 in Fighting
  5390 | D:6      | Killed Edmund
  6066 | D:6      | Reached * piety under Makhleb
  6067 | D:6      | Reached skill level 7 in Fighting
  6185 | D:6      | Reached XP level 9. HP: 62/68 MP: 0/0
  6185 | D:6      | Learned a level 4 spell: Cause Fear
  6514 | D:7      | Noticed a boulder beetle
  6514 | D:7      | Noticed a kobold demonologist
  6517 | D:7      | Noticed a boulder beetle
  6726 | D:7      | Noticed Pikel
  6738 | D:7      | Killed Pikel
  6739 | D:7      | Reached skill level 8 in Fighting
  7065 | D:7      | Noticed a cyan ugly thing
  7069 | D:7      | Killed a cyan ugly thing
  7070 | D:7      | Reached skill level 9 in Fighting
  7224 | D:7      | Reached XP level 10. HP: 74/78 MP: 0/0
  7265 | D:7      | Identified the amulet "Ivanwugh" {RegenMP Dex+4}
  7915 | D:7      | Annihilated by a boulder beetle

Illustrated notes

Levels and vault maps discovered:
D:1:      erik_arrival_orb_chamber, layout_basic, serial_shops,
          nicolae_square_shop, nicolae_shop_temple_entry_statues_fountains
D:2:      layout_loops_ring, basic_altar, hex_tiny, guppyfry_early_lair_pool
D:3:      layout_loops_corners, basic_ecumenical_altar,
          minmay_misc_feat_ornament, uniq_sigmund
D:4:      layout_basic, lemuel_temple_firewalk_a, ebering_ghost_disaster_area
D:5:      layout_rooms, beargit_hepliaklqana_dungeon_heroes,
          nicolae_qazlal_general_emergency
D:6:      layout_loops_cross, uniq_edmund
D:7:      nzn_winding_woodlands_small [nzn_winding_woodlands_5x15_parted,
          nzn_winding_woodlands_center_triple_pond,
          nzn_winding_woodlands_5x15_pathside_ponds], layout_loops_ring,
          chequers_serial_rivers_micro_a, uniq_pikel, uniq_menkaure
D:8:      layout_loops_corners, mainiacjoe_overflow_brackets,
          ploomutoo_gammafunk_ghost_potion_laboratory,
          hellmonk_guarded_unrand_gyre_and_gimble
Temple:   dpeg_five_rooms_temple

Skill      XL: |  1  2  3  4  5  6  7  8  9 10 |
---------------+-------------------------------+-----
Fighting       | 1 3 4 5 7 9 |  9.6
Stealth        | 2 |  2.0
Spellcasting   | 4 5 6 7 8 |  8.2
Dodging        | |  2.1

Action                   |  1- 3 |  4- 6 |  7- 9 | 10-12 || total
-------------------------+-------+-------+-------+-------++-------
Melee: Dagger            |       |       |     1 |       ||     1
 Cast: Magic Dart        |    77 |    44 |     2 |       ||   123
       Searing Ray       |       |     3 |    12 |       ||    15
       Scorch            |       |    22 |    72 |    42 ||   136
  Use: Scroll            |       |       |     6 |       ||     6
Armor: Robe              |     4 |     1 |     9 |       ||    14
Dodge: Dodged            |     7 |    15 |    66 |    16 ||   104

Table legend: (Time is in decaauts)
 A = Elapsed time spent in this place.
 B = Non-inter-level travel time spent in this place.
 C = Inter-level travel time spent in this place.
 D = Time resting spent in this place.
 E = Time spent auto-exploring this place.
 F = Levels seen in this place.
 G = Mean time per level.
                   A        B        C        D        E       F      G
               +--------+--------+--------+--------+--------+-----+--------+
         Total |   7915 |   7549 |    366 |      0 |   6656 |   9 |  879.4 |
       Dungeon |   7846 |   7512 |    334 |      0 |   6623 |   8 |  980.8 |
        Temple |     68 |     36 |     32 |      0 |     33 |   1 |   68.0 |
               +--------+--------+--------+--------+--------+-----+--------+

Top non-repeatable levels by time:
     D:6: 1570 daAuts
     D:3: 1267 daAuts
     D:2: 1242 daAuts
     D:4: 936 daAuts
     D:5: 892 daAuts
     D:1: 880 daAuts
     D:7: 824 daAuts
     D:8: 232 daAuts
  Temple: 68 daAuts
